Unix NetHack Version 3.7.0-65 Work-in-progress - last build Oct 10 2022 16:36:26 (2afc5cfc90f7ecdc2856d9919a2295b875398e55,branch:master). Game began 2022-10-16 15:56:38, ended 2022-10-20 17:39:47. youngster, lawful male dwarven Caveman -------- --- ------------------- --- |......| .. ................. .| ###.......| |..----. -.---..........-----.| ## |.....<| -.|....| |.........)..(.-.((|. # -|---.-- |.|.... |...|..........|.!(|.| # ### # |.--|-----|...|....----..|.((|.| # # # |......|..|...|....|..|.-----|.|# ## ##### |.----.|..|-|--.)..|..|.|..d.|.|0## # # |.|..-.-|--..{....)|..|.|..@.|.|#[# # ### |.|..|.............-|--.r@...|..# -|---.-- |.|----|--....--|-......|....|.|# |......| |.|((|..(|....|..|o...-------|.| |......| |.|((|!((|....|?.|....|{.|...-.| |......| |.|..|(.(|....|%%|....|..|...|.| |.>....| |.-|------..{.----....-|------.| |......| ...............................| -------- -------------------------------- Youngster the Aborigine St:18 Dx:11 Co:20 In:8 Wi:10 Ch:9 Lawful Dlvl:5 $:0 HP:0(62) Pw:5(5) AC:5 Xp:5/238 T:2827 Latest messages: You feel an unseen monster! You feel an unseen monster! You feel an unseen monster! You feel an unseen monster! You feel an unseen monster! You feel an unseen monster! You feel an unseen monster! You feel an unseen monster! You feel an unseen monster! You feel an unseen monster! You feel an unseen monster! You feel an unseen monster! You feel an unseen monster! You feel an unseen monster! You feel an unseen monster! You feel an unseen monster! You hear bubbling water. You feel an unseen monster! You feel an unseen monster! You feel an unseen monster! You feel an unseen monster! You feel an unseen monster! You feel an unseen monster! You feel an unseen monster! You feel an unseen monster! You feel an unseen monster! You can see again. You stop searching. The door opens. You miss the fox. The fox misses! You miss the fox. The rabid rat bites! The rabid rat's bite was poisoned! The fox bites! You kill the fox! The rabid rat bites! What do you want to throw? [abijnoqvC or ?*] In what direction? The thonged club misses the rabid rat. The thonged club returns to your hand! # What do you want to adjust? [a-eh-jlnoqvwCDFHIT-V or ?*] Adjust letter to what [fgkmopr-ux-zABEGJ-SW-Z] (? see used letters)? Swapping: a - an uncursed thonged club (tethered weapon in hand). You hit the rabid rat. The rabid rat bites! You hit the rabid rat. The rabid rat bites! You die... Inventory: Weapons (')') n - 11 cursed +0 elven arrows b - an uncursed +2 sling j - 4 uncursed +0 darts C - an uncursed +0 dagger i - an uncursed +1 elven dagger q - a blessed +0 orcish dagger a - an uncursed +0 aklys (tethered weapon in hand) v - an uncursed corroded +0 aklys o - an uncursed +1 club Armor ('[') H - an uncursed +0 orcish helm (being worn) D - a blessed +0 dwarvish cloak (being worn) h - an uncursed +0 Hawaiian shirt with a water nymph motif I - an uncursed +0 scale mail (being worn) Rings ('=') w - an uncursed ring of sustain ability (on left hand) Tools ('(') F - an uncursed bag of holding named holdin containing 30 items e - an uncursed credit card T - an uncursed magic lamp named magic!! l - an uncursed mirror U - an uncursed oil lamp V - an uncursed tallow candle Gems/Stones ('*') c - 12 uncursed flint stones d - 25 uncursed rocks Contents of the bag of holding named holdin: 37 gold pieces a cursed scroll of enchant armor an uncursed scroll of enchant weapon an uncursed scroll of fire an uncursed scroll of magic mapping a cursed scroll of remove curse a cursed scroll of teleportation an uncursed spellbook of create monster a cursed potion of blindness an uncursed potion of booze a cursed potion of gain ability a cursed potion of restore ability an uncursed potion of see invisible an uncursed potion of speed an uncursed tin opener named P1801 2 uncursed aquamarine stones an uncursed jacinth stone a cursed sapphire 2 uncursed worthless pieces of black glass a cursed worthless piece of blue glass a cursed worthless piece of green glass 3 uncursed worthless pieces of red glass a cursed worthless piece of red glass 2 cursed worthless pieces of violet glass an uncursed worthless piece of white glass 3 cursed worthless pieces of white glass 3 uncursed worthless pieces of yellow glass a cursed worthless piece of yellow glass an uncursed worthless piece of yellowish brown glass 2 cursed worthless pieces of yellowish brown glass Youngster the Caveman's attributes: Background: You were an Aborigine, a level 5 dwarven Caveman. You were lawful, on a mission for Anu who was opposed by Ishtar (neutral) and Anshar (chaotic). You were in the Gnomish Mines, on level 5. You entered the dungeon 2827 turns ago. You had 238 experience points, 82 more were needed to attain level 6. Basics: You had 0 out of 62 hit points. You had all 5 energy points (spell power). Your armor class was 5. Your wallet was empty. Autopickup was on for '$?!"=/*' plus thrown, with exceptions. Final Characteristics: Your strength was 18 (limit:18/100). Your dexterity was 11 (limit:20). Your constitution was 20 (limit:20). Your intelligence was 8 (limit:16). Your wisdom was 10 (limit:16). Your charisma was 9 (limit:16). Final Status: You were not hungry. You were unencumbered. You were wielding a club. You had basic skill with club. Final Attributes: You were piously aligned. You had infravision. You were warded. You had fixed abilities. You are dead. Miscellaneous: You encountered 1 bones level. Total elapsed playing time was 44 minutes and 11 seconds. Major events: Turn 1: youngster the lawful dwarven Caveman entered the dungeon 514: entered the Gnomish Mines 785: attained the rank of Aborigine (level 3) 2168: reached Mine Town 2683: destroyed elky's ghost, the former Skirmisher 2827: killed by a rabid rat Vanquished creatures: a ghost a dingo a rock mole a fog cloud a yellow light 2 gnome leaders a gnomish wizard 2 giant ants 3 rothes 2 monkeys a wererat an iguana an acid blob a coyote a gas spore 3 hobbits a hobgoblin a brown mold a yellow mold 18 gnomes 3 gnome zombies 4 jackals 2 foxes a kobold 4 goblins 3 sewer rats 4 grid bugs a bat a lichen a kobold zombie a newt 69 creatures vanquished. No species were genocided or became extinct. Voluntary challenges: You read items or engraved 2 times. You engraved Elbereth 1 time. You never genocided any monsters. You never polymorphed an object. You never changed form. You used no wishes. Achievements: You entered the Gnomish Mines. You attained the rank of Aborigine. You entered Minetown. You entered a shop. You entered a temple. The Dungeons of Doom: levels 1 to 4 Level 1: Level 2: Stairs down to The Gnomish Mines. Level 3: A fountain. Level 4: The Gnomish Mines: levels 3 to 6 Level 3: Level 4: Level 5: <- You were here. Many shops, a temple, some fountains, a sink, a grave. Final resting place for you, killed by a rabid rat, elky-Val-Dwa-Fem-Law, killed by a rock mole. Level 6: Game over: ---------- / \ / REST \ / IN \ / PEACE \ / \ | youngster | | 37 Au | | killed by a | | rabid rat | | | | | | 2022 | *| * * * | * _________)/\\_//(\/(/\)/\//\/|_)_______ Goodbye youngster the Caveman... You died in The Gnomish Mines on dungeon level 5 with 1236 points, and 37 pieces of gold, after 2827 moves. You were level 5 with a maximum of 62 hit points when you died.